 Dungeon Crawl Stone Soup version 0.28.0-45-g0d030f2227 (webtiles) character file.

Game seed: 7525627336773456090

2310 pkoi the Stinger (level 8, -1/61 HPs)
             Began as a Demigod Venom Mage on Apr 25, 2022.
             Slain by an unseen horror (8 damage)
             ... on level 7 of the Dungeon.
             The game lasted 00:13:12 (11982 turns).

pkoi the Stinger (Demigod Venom Mage)              Turns: 11982, Time: 00:13:12

Health: -1/61      AC:  4    Str:  7    XL:     8   Next: 98%
Magic:  0/15       EV: 13    Int: 25    God:
Gold:   324        SH:  0    Dex: 14    Spells: 2/13 levels left

rFire   . . .      SeeInvis .   p - +1 dagger (venom)
rCold   . . .      Faith    .   (no shield)
rNeg    . . .      Spirit   +   a - +1 robe
rPois   .          Reflect  .   l - +0 helmet
rElec   .          Harm     .   (no cloak)
rCorr   .          Rampage  .   (no gloves)
Will    .....                   (no boots)
Stlth   ++........              g - amulet of guardian spirit
HPRegen 0.20/turn               d - ring of wizardry
MPRegen 0.14/turn               (no ring)

@: no status effects
A: high MP 1, forlorn, divine attributes, weak 1
a: no special abilities


You were on level 7 of the Dungeon.
You visited 2 branches of the dungeon, and saw 9 of its levels.

You collected 324 gold pieces.

Inventory:

Hand Weapons
 b - a +0 dagger of protection
 k - a +0 whip of freezing
 p - a +1 dagger of venom (weapon)
Missiles
 m - 2 poisoned darts
Armour
 a - a +1 robe (worn)
 l - a +0 helmet (worn)
Jewellery
 d - a ring of wizardry (left hand)
 g - an amulet of guardian spirit (around neck)
Wands
 j - a wand of acid (5)
 n - a wand of polymorph (8)
Scrolls
 h - 4 scrolls of teleportation
 o - a scroll of identify
Potions
 c - a potion of magic
 e - 3 potions of lignification
 f - a potion of cancellation {unknown}
 i - a potion of brilliance
 q - a potion of curing


   Skills:
 + Level 2.1 Fighting
 + Level 2.9 Dodging
 - Level 1.7 Stealth
 - Level 3.0 Spellcasting
 + Level 2.1 Hexes
 - Level 3.0 Translocations
 - Level 3.0 Transmutations
 + Level 6.0 Air Magic
 + Level 7.1 Poison Magic


You had 2 spell levels left.
You knew the following spells:

 Your Spells              Type           Power      Damage    Failure   Level
a - Sting                 Tmut/Pois      100%       1d8       1%          1
b - Poisonous Vapours     Pois/Air       72%        N/A       1%          2
c - Apportation           Tloc           36%        N/A       1%          1
d - Olgreb's Toxic Radia  Pois           39%        N/A       2%          4
e - Confusing Touch       Hex            14%        N/A       4%          3

Your spell library contained the following spells:

 Spells                   Type           Power      Damage    Failure   Level
 Passwall                 Tmut/Erth      9%         N/A       3%          2
 Animate Skeleton         Necr           6%         N/A       4%          1
 Summon Small Mammal      Summ           12%        N/A       4%          1
 Ensorcelled Hibernation  Hex/Ice        18%        N/A       4%          2
 Mephitic Cloud           Conj/Pois/Air  25%        N/A       1%          3
 Swiftness                Air            33%        N/A       1%          3
 Yara's Violent Unravell  Hex/Tmut       8%         3d5       34%         5
 Enfeeble                 Hex            7%         N/A       100%        7


Dungeon Overview and Level Annotations

Branches:
Dungeon (8/15)             Temple (1/1) D:4
   Lair: D:8-11

Shops:
D:3 *

Annotations:
D:4 Menkaure
D:6 2 runed translucent doors, nickcage's ghost, novice DsGl


Innate Abilities, Weirdness & Mutations

You have an increased reservoir of magic. (+10% MP)
You shall have no god before yourself.
Your divine heritage dramatically boosts your attributes as you level up.
You are weak. (Str -2)


Message History

Deactivating autopickup; reactivate with Ctrl-A.
Something hits you but does no damage.
The howler monkey hoots and howls with incredible vigour!
You hit the howler monkey.
The howler monkey is poisoned.
The howler monkey is lightly wounded.
Something hits you but does no damage.
The howler monkey completely misses you.
You hit the howler monkey.
The howler monkey looks as sick as possible!
The howler monkey is moderately wounded.
The howler monkey hits you but does no damage.
Something hits you.
* * * LOW HITPOINT WARNING * * *
You closely miss the howler monkey.
The howler monkey is heavily wounded.
Something hits you.
* * * LOW HITPOINT WARNING * * *
The howler monkey hits you.
* * * LOW HITPOINT WARNING * * *
You hit the howler monkey but do no damage.
The howler monkey is severely wounded.
The howler monkey barely misses you. Something hits you!
* * * LOW HITPOINT WARNING * * *
The howler monkey barely misses you.
Unknown command.
Casting: Sting (safe; 1% risk of failure)
Confirm with . or Enter, or press ? or * to list all spells.
You begin to radiate toxic energy.
You kill the howler monkey!
Something hits you!
* * * LOW HITPOINT WARNING * * *
Unknown command.
Unknown command.
Unknown command.
You hit something but do no damage.
Your toxic aura wanes.
Something hits you.
* * * LOW HITPOINT WARNING * * *
Something hits you!
You die...

#.###########..#.#
###.#...##
...............#.#
#.#...##
...#########...#.#
#.#...## ...#
#####'#.#.# #.######
...# #.......[.#
#.###### ...#
#.........##### #.......
...# #.............###
#....... ...#
#####'#...#....(#
#....... ...#
#.###@#.#)#[# ##......
...# #.#.†>#.#(#.#
#...... ####
#.#####.#.#.# ####### #
#.# #.#.#.#
#.#####.#.#.#
#.......#.#.#
#########.#.# #.#.#
####################.#.#


There were no monsters in sight!

Vanquished Creatures
  Pikel (D:4)
  Sigmund (D:6)
  2 water moccasins
  2 orc warriors
  An ice beast (D:7)
  A necrophage (D:6)
  2 ogres
  4 lemures (D:3)
  A centaur (D:7)
  A kobold brigand (D:6)
  A bullfrog (D:7)
  A gnoll sergeant (D:5)
  A scorpion (D:7)
  3 howler monkeys (D:7)
  3 centaur skeletons
  4 orc priests
  An iguana (D:6)
  5 orc wizards
  A hound skeleton (D:4)
  A howler monkey zombie (D:6)
  6 gnolls
  3 adders (D:4)
  2 worms
  A dart slug (D:3)
  15 orcs
  9 ball pythons
  3 bats
  2 endoplasms
  7 hobgoblins
  2 jackals (D:1)
  7 kobolds
  3 quokkas
  A frilled lizard (D:2)
  3 goblins
  3 rats (D:3)
104 creatures vanquished.

Notes
Turn   | Place    | Note
-------+----------+-------------------------------------------
     0 | D:1      | pkoi the Demigod Venom Mage began the quest for the Orb.
     0 | D:1      | Reached XP level 1. HP: 14/14 MP: 5/5
   219 | D:1      | Reached skill level 1 in Transmutations
   513 | D:1      | Reached XP level 2. HP: 16/20 MP: 4/7
   662 | D:1      | You fall into a shaft and drop 1 floor!
   884 | D:2      | Reached skill level 3 in Poison Magic
   914 | D:2      | Learned a level 2 spell: Poisonous Vapours
   916 | D:2      | Learned a level 1 spell: Apportation
  1964 | D:2      | Reached XP level 3. HP: 25/26 MP: 1/9
  2904 | D:3      | Found Lootidgh's General Store.
  3044 | D:3      | Noticed an ogre
  3066 | D:3      | Killed an ogre
  3067 | D:3      | Reached skill level 1 in Translocations
  3067 | D:3      | Reached skill level 1 in Air Magic
  3067 | D:3      | Reached XP level 4. HP: 33/33 MP: 6/10
  3808 | D:4      | Found a staircase to the Ecumenical Temple.
  3817 | D:4      | Reached XP level 5. HP: 38/38 MP: 7/11
  4316 | D:4      | Noticed Menkaure
  4444 | D:4      | Noticed Pikel
  5043 | D:4      | Learned a level 4 spell: Olgreb's Toxic Radiance
  5076 | D:4      | Killed Pikel
  5077 | D:4      | Reached skill level 4 in Poison Magic
  5077 | D:4      | Reached XP level 6. HP: 20/45 MP: 4/13
  5077 | D:4      | Reached XP level 7. HP: 22/50 MP: 4/14
  5086 | Temple   | Entered the Ecumenical Temple
  5509 | D:5      | Entered Level 5 of the Dungeon
  5891 | D:5      | Reached skill level 5 in Poison Magic
  6694 | D:6      | Noticed Sigmund
  6709 | D:6      | Killed Sigmund
  6801 | D:6      | Found a runed translucent door.
  6807 | D:6      | Noticed nickcage's ghost (novice DsGl)
  7737 | D:6      | Reached skill level 6 in Poison Magic
  7737 | D:6      | Reached XP level 8. HP: 57/57 MP: 12/15
  7837 | D:6      | Reached skill level 5 in Air Magic
  9017 | D:6      | Found a runed translucent door.
  9292 | D:5      | Learned a level 3 spell: Confusing Touch
 10060 | D:7      | Reached skill level 1 in Fighting
 10060 | D:7      | Reached skill level 1 in Hexes
 10230 | D:7      | Gained mutation: You are weak. (Str -2) [potion of
                  | mutation]
 11260 | D:7      | Reached skill level 7 in Poison Magic
 11982 | D:7      | Slain by an unseen horror

Illustrated notes

Levels and vault maps discovered:
D:1:      minmay_arrival_checkered_box, layout_loops_cross,
          dilly_ecumenical_altar_fadedgnrine, minivault_11, hex_large,
          hangedman_decor_points
D:2:      layout_basic, lemuel_another_geyser
D:3:      layout_loops_corners, mainiacjoe_overflow_24_doors,
          lemuel_crystal_altar, serial_shops,
          nicolae_shop_temple_entry_statues_fountains
D:4:      layout_cave_pools, worldfamousw_hep_ancestral_shrine,
          minmay_temple_entry_tees, uniq_menkaure, uniq_crazy_yiuf_cottage,
          uniq_pikel
D:5:      layout_basic
D:6:      layout_loops_corners, ebering_ghost_sewer_f, uniq_sigmund
D:7:      layout_basic
D:8:      nicolae_cairo_tiling_very_big, layout_loops_ring,
          nicolae_uskayaw_suspiria, uniq_prince_ribbit1, uniq_maurice,
          uniq_joseph
Temple:   eino_wide_crystal_templ

Skill      XL: |  1  2  3  4  5  6  7  8 |
---------------+-------------------------+-----
Transmutations | 1 2 3 |  3.0
Spellcasting   | 2 3 |  3.0
Poison Magic   | 3 4 6 7 |  7.1
Translocations | 1 2 3 |  3.0
Air Magic      | 1 3 4 6 |  6.0
Dodging        | 2 |  2.9
Fighting       | 2 |  2.1
Hexes          | 2 |  2.1
Stealth        | |  1.7

Action                   |  1- 3 |  4- 6 |  7- 9 || total
-------------------------+-------+-------+-------++-------
Melee: Dagger            |    19 |    59 |   139 ||   217
       Unarmed           |     3 |       |       ||     3
       Punch             |     1 |     1 |       ||     2
 Cast: Sting             |    70 |    59 |    86 ||   215
       Olgreb's Toxic Ra |       |       |     8 ||     8
       Poisonous Vapours |       |       |    12 ||    12
Evoke: Wand              |       |       |     1 ||     1
  Use: Scroll            |     5 |       |     3 ||     8
       Potion            |     4 |     1 |     3 ||     8
 Stab: Sleeping          |       |     1 |     1 ||     2
Armor: Robe              |    16 |    58 |    70 ||   144
Dodge: Dodged            |    37 |    98 |   135 ||   270
